General information
- name: BNet
- type: Ladder team game (AT/RT)
- host: Battle.net
- saver: BEAR_AND
map: SilverpineForest
- players: 6
- length: 25:42
- speed: Fast
- version: 1.21 W3XP
- replay type:

» download(211 KB)
Players
team 1 (winner)
BEAR_AND (
pink | 134 APM | 3452 actions | 25:42)
5 Blademaster
3 Wind Walk
2 Critical Strike
» actions
| Assign group hotkey | 5 | |
| Basic commands | 2 | |
| Build / train | 68 | |
| Enter build submenu | 54 | |
| Enter hero's abilities submenu | 5 | |
| Give item / drop item | 1 | |
| Remove unit from queue | 2 | |
| Right click | 2514 | |
| Select / deselect | 272 | |
| Select group hotkey | 348 | |
| Use ability | 181 | |
3452 total
» units
» upgrades
| Ranged Weapons | 0 | |
| Liquid Fire | 1 | |
1 total
» buildings
| Altar of Storms | 1 | |
| Orc Burrow | 4 | |
| War Mill | 2 | |
| Watch Tower | 32 | |
| Voodoo Lounge | 4 | |
| Stronghold | 1 | |
| Fortress | 1 | |
| Beastiary | 2 | |
| Great Hall | 1 | |
48 total
» build order
00:08 Altar of Storms
00:21 Orc Burrow
00:43 War Mill
01:56 Watch Tower
02:06 Watch Tower
02:44 Watch Tower
03:26 Watch Tower
03:26 Watch Tower
03:43 Watch Tower
03:59 Voodoo Lounge
04:42 Voodoo Lounge
04:43 Voodoo Lounge
05:22 Watch Tower
05:57 Watch Tower
06:42 Watch Tower
06:58 Watch Tower
07:23 Watch Tower
07:53 Watch Tower
08:17 War Mill
08:32 Watch Tower
09:43 Watch Tower
09:44 Stronghold
09:49 Watch Tower
11:14 Watch Tower
11:17 Watch Tower
11:24 Watch Tower
12:25 Watch Tower
12:26 Watch Tower
12:48 Watch Tower
13:05 Fortress
14:10 Orc Burrow
14:13 Beastiary
15:18 Beastiary
15:37 Watch Tower
15:38 Watch Tower
15:38 Watch Tower
17:04 Watch Tower
17:38 Voodoo Lounge
18:31 Orc Burrow
19:03 Great Hall
19:07 Watch Tower
19:14 Orc Burrow
19:59 Watch Tower
21:12 Watch Tower
22:43 Watch Tower
22:44 Watch Tower
24:54 Watch Tower
24:55 Watch Tower
» items
| Boots of Speed | 1 | |
| Staff of Teleportation | 1 | |
| Healing Salve | 4 | |
| Lesser Clarity Potion | 13 | |
| Orb of Lightning | 1 | |
| Scroll of Town Portal | 1 | |
21 total
iggy_the_fisk (
purple | 105 APM | 2708 actions | 25:41)
6 Pandaren Brewmaster
3 Breath of Fire
2 Drunken Haze
1 Storm Earth and Fire
3 Naga Sea Witch
1 Frost Arrows
2 Forked Lightning
1 Goblin Alchemist
1 Healing Spray
» actions
| Assign group hotkey | 147 | |
| Basic commands | 3 | |
| Build / train | 138 | |
| Enter build submenu | 65 | |
| Enter hero's abilities submenu | 10 | |
| Give item / drop item | 5 | |
| Right click | 1372 | |
| Select / deselect | 313 | |
| Select group hotkey | 445 | |
| Use ability | 210 | |
2708 total
» units
| Peasant | 44 | |
| Dragonhawk Rider | 2 | |
46 total
» upgrades
| Masonry | 3 | |
| Lumber Harvesting | 2 | |
| Magic Sentry | 1 | |
| Swords | 1 | |
| Armor | 1 | |
| Animal War Training | 1 | |
9 total
» buildings
| Lumber Mill | 2 | |
| Farm | 7 | |
| Altar of Kings | 1 | |
| Scout Tower | 52 | |
| Arcane Tower | 2 | |
| Guard Tower | 29 | |
| Town Hall | 1 | |
| Arcane Vault | 2 | |
| Keep | 4 | |
| Castle | 3 | |
| Arcane Sanctum | 1 | |
| Gryphon Aviary | 1 | |
| Barracks | 1 | |
| Blacksmith | 1 | |
107 total
» build order
00:19 Lumber Mill
00:34 Farm
01:05 Altar of Kings
01:38 Scout Tower
01:41 Scout Tower
01:58 Scout Tower
02:09 Farm
02:13 Arcane Tower
02:13 Guard Tower
02:15 Scout Tower
02:43 Arcane Tower
03:09 Lumber Mill
03:57 Scout Tower
04:06 Scout Tower
04:14 Scout Tower
04:36 Guard Tower
04:37 Scout Tower
06:45 Guard Tower
06:46 Scout Tower
06:48 Scout Tower
06:55 Guard Tower
07:00 Scout Tower
07:12 Scout Tower
07:17 Guard Tower
07:24 Town Hall
07:38 Scout Tower
07:39 Scout Tower
07:56 Guard Tower
07:58 Scout Tower
07:59 Scout Tower
08:02 Guard Tower
08:05 Scout Tower
08:34 Guard Tower
08:36 Scout Tower
08:40 Guard Tower
08:43 Scout Tower
09:29 Guard Tower
09:31 Scout Tower
09:32 Arcane Vault
09:34 Guard Tower
10:16 Keep
10:16 Keep
10:16 Keep
10:17 Keep
10:45 Guard Tower
10:47 Scout Tower
10:48 Scout Tower
12:28 Guard Tower
12:57 Guard Tower
12:58 Scout Tower
13:34 Guard Tower
13:37 Castle
13:37 Castle
13:40 Farm
14:30 Scout Tower
14:35 Arcane Sanctum
14:51 Scout Tower
14:51 Scout Tower
15:51 Scout Tower
15:52 Scout Tower
15:53 Scout Tower
15:54 Scout Tower
15:57 Scout Tower
15:58 Scout Tower
15:58 Scout Tower
15:59 Scout Tower
16:01 Guard Tower
16:47 Arcane Vault
17:04 Guard Tower
17:06 Scout Tower
17:06 Scout Tower
17:15 Guard Tower
17:54 Guard Tower
18:22 Guard Tower
18:38 Guard Tower
18:53 Scout Tower
18:53 Scout Tower
19:48 Scout Tower
19:49 Scout Tower
19:53 Guard Tower
19:55 Scout Tower
19:57 Guard Tower
19:59 Scout Tower
19:59 Scout Tower
20:44 Guard Tower
20:46 Scout Tower
20:48 Scout Tower
20:49 Scout Tower
20:58 Guard Tower
20:59 Scout Tower
21:01 Scout Tower
21:21 Guard Tower
21:49 Guard Tower
21:52 Scout Tower
21:53 Scout Tower
21:58 Guard Tower
22:01 Scout Tower
22:02 Scout Tower
22:48 Guard Tower
23:46 Gryphon Aviary
23:47 Barracks
23:48 Blacksmith
23:50 Farm
23:51 Farm
23:52 Farm
23:52 Farm
» items
| Lesser Clarity Potion | 8 | |
| Healing Salve | 1 | |
| Boots of Speed | 3 | |
| Staff of Teleportation | 3 | |
| Scroll of Regeneration | 7 | |
| Scroll of Town Portal | 5 | |
| Staff of Sanctuary | 2 | |
| Ivory Tower | 1 | |
30 total
TIMG4STRok (
blue | 84 APM | 2157 actions | 25:41)
4 Blood Mage
2 Flame Strike
2 Siphon Mana
4 Mountain King
2 Storm Bolt
2 Bash
2 Paladin
1 Holy Light
1 Divine Shield
» actions
| Assign group hotkey | 5 | |
| Basic commands | 37 | |
| Build / train | 107 | |
| ESC pressed | 5 | |
| Enter build submenu | 59 | |
| Enter hero's abilities submenu | 10 | |
| Give item / drop item | 7 | |
| Right click | 992 | |
| Select / deselect | 220 | |
| Select group hotkey | 520 | |
| Use ability | 194 | |
2157 total
» units
| Peasant | 23 | |
| Dragonhawk Rider | 6 | |
29 total
» upgrades
| Masonry | 3 | |
| Lumber Harvesting | 1 | |
| Magic Sentry | 1 | |
| Cloud | 1 | |
| Armor | 2 | |
| Swords | 1 | |
9 total
» buildings
| Lumber Mill | 1 | |
| Altar of Kings | 1 | |
| Farm | 14 | |
| Scout Tower | 64 | |
| Arcane Tower | 2 | |
| Guard Tower | 33 | |
| Keep | 1 | |
| Town Hall | 1 | |
| Arcane Vault | 1 | |
| Arcane Sanctum | 1 | |
| Castle | 1 | |
| Blacksmith | 1 | |
| Gryphon Aviary | 1 | |
| Barracks | 1 | |
123 total
» build order
00:18 Lumber Mill
00:22 Altar of Kings
00:55 Farm
01:28 Scout Tower
01:34 Scout Tower
01:57 Farm
01:59 Arcane Tower
02:01 Scout Tower
02:20 Arcane Tower
02:23 Scout Tower
02:30 Guard Tower
02:38 Scout Tower
03:14 Guard Tower
03:15 Scout Tower
03:17 Scout Tower
03:31 Guard Tower
03:33 Scout Tower
03:34 Scout Tower
03:39 Scout Tower
03:39 Scout Tower
03:46 Guard Tower
04:18 Guard Tower
04:23 Scout Tower
04:24 Scout Tower
04:33 Guard Tower
04:37 Guard Tower
04:38 Guard Tower
05:05 Guard Tower
05:27 Guard Tower
05:28 Scout Tower
05:30 Scout Tower
06:32 Guard Tower
06:46 Scout Tower
06:52 Keep
06:55 Guard Tower
07:14 Scout Tower
07:15 Scout Tower
07:16 Scout Tower
07:16 Scout Tower
07:35 Town Hall
07:40 Guard Tower
07:43 Scout Tower
07:48 Scout Tower
07:49 Scout Tower
07:50 Scout Tower
07:51 Scout Tower
07:52 Scout Tower
07:53 Scout Tower
07:53 Scout Tower
07:55 Scout Tower
08:16 Guard Tower
08:18 Scout Tower
08:20 Scout Tower
08:21 Scout Tower
08:42 Guard Tower
08:44 Guard Tower
08:50 Scout Tower
08:51 Scout Tower
08:52 Scout Tower
08:53 Scout Tower
08:54 Scout Tower
08:54 Scout Tower
09:10 Guard Tower
09:27 Guard Tower
09:49 Guard Tower
10:40 Guard Tower
11:16 Scout Tower
11:17 Scout Tower
11:17 Scout Tower
11:18 Scout Tower
11:18 Scout Tower
11:19 Scout Tower
11:21 Guard Tower
11:44 Arcane Vault
12:20 Guard Tower
12:36 Scout Tower
12:37 Scout Tower
12:38 Scout Tower
12:39 Scout Tower
12:39 Scout Tower
12:40 Scout Tower
12:51 Guard Tower
12:52 Arcane Sanctum
12:58 Scout Tower
12:59 Scout Tower
13:00 Scout Tower
13:01 Scout Tower
13:08 Guard Tower
14:04 Guard Tower
14:19 Scout Tower
14:20 Scout Tower
14:21 Scout Tower
14:21 Scout Tower
14:22 Scout Tower
14:22 Scout Tower
15:04 Castle
15:24 Guard Tower
15:58 Guard Tower
16:28 Blacksmith
16:38 Guard Tower
16:38 Guard Tower
16:38 Guard Tower
17:30 Gryphon Aviary
17:33 Guard Tower
18:54 Farm
18:55 Farm
18:56 Farm
18:57 Farm
18:58 Farm
18:59 Farm
18:59 Farm
20:35 Scout Tower
20:35 Scout Tower
20:37 Scout Tower
20:37 Scout Tower
21:04 Barracks
21:26 Guard Tower
21:32 Farm
21:33 Farm
21:34 Farm
21:34 Farm
21:35 Farm
» items
| Healing Salve | 3 | |
| Staff of Teleportation | 3 | |
| Boots of Speed | 3 | |
| Lesser Clarity Potion | 3 | |
| Scroll of Regeneration | 1 | |
| Staff of Sanctuary | 2 | |
| Orb of Lightning | 2 | |
| Ring of Regeneration | 1 | |
18 total
team 2 (loser)

»
ewic (
yellow | 70 APM | 1762 actions | 25:18)
2 Pandaren Brewmaster
1 Breath of Fire
1 Drunken Brawler
3 Naga Sea Witch
2 Frost Arrows
1 Forked Lightning
» actions
| Assign group hotkey | 45 | |
| Basic commands | 40 | |
| Build / train | 68 | |
| Enter build submenu | 16 | |
| Enter hero's abilities submenu | 5 | |
| Remove unit from queue | 4 | |
| Right click | 835 | |
| Select / deselect | 451 | |
| Select group hotkey | 240 | |
| Use ability | 58 | |
1762 total
» units
| Acolyte | 7 | |
| Ghoul | 5 | |
| Crypt Fiend | 20 | |
| Meatwagon | 10 | |
| Goblin Zeppelin | 1 | |
43 total
» upgrades
| Web | 1 | |
| Burrow | 1 | |
| Disease Cloud | 1 | |
| Creature Attack | 1 | |
4 total
» buildings
| Altar of Darkness | 1 | |
| Ziggurat | 6 | |
| Crypt | 3 | |
| Graveyard | 1 | |
| Halls of the Dead | 3 | |
| Tomb of Relics | 1 | |
| Slaughterhouse | 2 | |
| Sacrificial Pit | 1 | |
| Black Citadel | 2 | |
| Spirit Tower | 1 | |
21 total
» build order
00:11 Altar of Darkness
00:13 Ziggurat
00:51 Crypt
00:54 Crypt
00:57 Graveyard
01:30 Crypt
01:43 Ziggurat
04:14 Ziggurat
05:31 Halls of the Dead
05:31 Halls of the Dead
05:31 Halls of the Dead
07:37 Tomb of Relics
07:57 Slaughterhouse
09:04 Ziggurat
09:44 Ziggurat
14:29 Slaughterhouse
16:47 Ziggurat
19:33 Sacrificial Pit
20:38 Black Citadel
21:56 Spirit Tower
» items

»
mechunter (
orange | 68 APM | 1732 actions | 25:23)
4 Pandaren Brewmaster
2 Breath of Fire
2 Drunken Brawler
» actions
| Assign group hotkey | 20 | |
| Basic commands | 68 | |
| Build / train | 66 | |
| Enter build submenu | 16 | |
| Enter hero's abilities submenu | 5 | |
| Give item / drop item | 2 | |
| Right click | 1068 | |
| Select / deselect | 300 | |
| Select group hotkey | 127 | |
| Use ability | 60 | |
1732 total
» units
| Peon | 12 | |
| Grunt | 13 | |
| Demolisher | 3 | |
| Shaman | 7 | |
| Troll Witch Doctor | 2 | |
| Tauren | 3 | |
40 total
» upgrades
| Pillage | 1 | |
| Shaman Training | 2 | |
| Berserker Strength | 1 | |
| Witch Doctor Training | 2 | |
| Armor | 1 | |
| Pulverize | 1 | |
8 total
» buildings
| Altar of Storms | 1 | |
| Orc Burrow | 5 | |
| Barracks | 2 | |
| War Mill | 1 | |
| Stronghold | 1 | |
| Voodoo Lounge | 1 | |
| Fortress | 1 | |
| Spirit Lodge | 2 | |
| Tauren Totem | 2 | |
16 total
» build order
00:06 Altar of Storms
00:18 Orc Burrow
00:34 Barracks
01:31 Orc Burrow
02:02 War Mill
03:41 Orc Burrow
05:20 Stronghold
06:24 Barracks
06:53 Orc Burrow
07:41 Voodoo Lounge
08:41 Fortress
08:57 Spirit Lodge
09:04 Spirit Lodge
09:10 Orc Burrow
20:38 Tauren Totem
20:39 Tauren Totem
» items
| Orb of Lightning | 1 | |
| Potion of Healing | 2 | |
| Potion of Mana | 2 | |
| Lesser Clarity Potion | 1 | |
| Tiny Great Hall | 4 | |
10 total
terranstorm (
red | 100 APM | 2578 actions | 25:40)
3 Pandaren Brewmaster
2 Breath of Fire
1 Drunken Brawler
» actions
| Assign group hotkey | 45 | |
| Basic commands | 48 | |
| Build / train | 76 | |
| Enter build submenu | 16 | |
| Enter hero's abilities submenu | 3 | |
| Right click | 1648 | |
| Select / deselect | 433 | |
| Select group hotkey | 238 | |
| Use ability | 70 | |
2578 total
» units
| Wisp | 20 | |
| Archer | 17 | |
| Goblin Zeppelin | 1 | |
| Glaive Thrower | 1 | |
| Hippogryph | 8 | |
| Chimaera | 4 | |
51 total
» upgrades
| Strength of the Moon | 3 | |
| Improved Bows | 1 | |
| Moon Armor | 2 | |
| Marksmanship | 1 | |
| Hippogryph Taming | 1 | |
| Corrosive Breath | 1 | |
9 total
» buildings
| Ancient of War | 2 | |
| Moon Well | 5 | |
| Altar of Elders | 1 | |
| Tree of Ages | 1 | |
| Hunter's Hall | 1 | |
| Ancient of Wonders | 1 | |
| Tree of Eternity | 1 | |
| Ancient of Wind | 1 | |
| Chimaera Roost | 1 | |
| Tree of Life | 1 | |
15 total
» build order
00:10 Ancient of War
00:18 Moon Well
00:38 Altar of Elders
01:27 Ancient of War
02:03 Moon Well
04:16 Moon Well
04:57 Tree of Ages
06:37 Hunter's Hall
07:43 Moon Well
08:45 Ancient of Wonders
10:41 Tree of Eternity
16:05 Ancient of Wind
17:29 Chimaera Roost
19:59 Moon Well
25:16 Tree of Life
» items
| Scroll of Town Portal | 4 | |
| Lesser Clarity Potion | 2 | |
| Moonstone | 1 | |
| Orb of Venom | 1 | |
| Dust of Appearance | 1 | |
9 total
Chat log
(00:12 / All) TIMG4STRok: this map: suck on my ball
(00:15 / All) BEAR_AND: ay......dont touch me chunter....
(01:04 / All) iggy_the_fisk: CHUNTER
(01:05 / All) BEAR_AND: me chunter......lags
(01:44 / All) TIMG4STRok: suck my dick nigger suck my dick nigger suck my dick nigger
(02:11 / All) TIMG4STRok: eat my shit eat my shit STOP
(02:12 / All) TIMG4STRok: sTOP NOW
(02:15 / All) TIMG4STRok: ALL STOP NOW
(02:17 / All) TIMG4STRok: stop the game
(02:20 / All) ewic: we need a handicap
(02:48 / Allies) TIMG4STRok: hit breadth
(18:24 / All) iggy_the_fisk: no tp
(18:24 / All) iggy_the_fisk: smart
(19:52 / All) BEAR_AND: ty
(25:17 / All) ewic: gg
(25:20 / All) BEAR_AND: gg
(25:24 / All) BEAR_AND: shitbit noob jerks
(25:27 / All) BEAR_AND: http://highper.ch